 Dungeon Crawl Stone Soup version 0.25-a0-1073-gf4359a17dd (webtiles) character file.

Game seed: 3143837587045237580, levelgen mode: deterministic

1679123 hittemvvvvhard the Hawkeye (level 27, 250/250 HPs)
             Began as a Troll Hunter on Jan 30, 2020.
             Was a High Priest of Okawaru.
             Escaped with the Orb
             ... and 3 runes on May 14, 2020!
             The game lasted 03:22:49 (71873 turns).

hittemvvvvhard the Hawkeye (Troll Hunter)          Turns: 71873, Time: 03:22:50

Health: 250/250    AC: 30    Str: 33    XL:     27
Magic:  29/29      EV: 14    Int:  8    God:    Okawaru [*****.]
Gold:   1496       SH: 25    Dex: 10    Spells: 26/26 levels left

rFire    + + +     SeeInvis .     - Unarmed
rCold    + . .     Gourm    +   o - +3 tower shield {AC+3} {AC+3}
rNeg     . . .     Faith    +   z - +0 gold dragon scales
rPois    +         Spirit   .   p - +2 hat {MR+}
rElec    +         Reflect  .   J - +4 cloak of the Original Sin {+Inv rF+}
rCorr    .         Harm     .   (gloves unavailable)
MR       ++++.                  (boots unavailable)
Stlth    ..........             S - amulet of Ufem {Faith rElec rF+ rC- Int+3}
HPRegen  0.91/turn              Z - +4 ring of evasion
MPRegen  0.21/turn              s - ring of Dim Light {+Blink rC+ MR+ Stlth-}

@: no status effects
A: large, unfitting armour, antennae 1, claws 3, repulsion field 1, slimy green
scales 1, deformed body, dopey 1, fast metabolism 3, frail 1, gourmand, poison
resistance, regeneration 1, screaming 1, shaggy fur 1, tough skin 3, weak 2,
evolution 1, subdued magic 1
0: Orb of Zot
}: 3/15 runes: decaying, serpentine, silver
a: Heroism, Finesse, Renounce Religion, Evoke Blink, Evoke Invisibility


You escaped.
You worshipped Okawaru.
Okawaru was extremely pleased with you.
You were not hungry.

You visited 10 branches of the dungeon, and saw 50 of its levels.
You visited 1 bazaar.

You collected 7456 gold pieces.
You spent 5960 gold pieces at shops.

Inventory:

Hand Weapons
 r - the +3 hand axe of Okawaru's Condemnation {speed, rN+ Int-3 Dex+3, unknown}
   (Okawaru gifted it to you on level 5 of the Realm of Zot)

   Attacks with this weapon are significantly faster.
   It affects your intelligence (-3).
   It affects your dexterity (+3).
   It protects you from negative energy.
Missiles
 c - 71 large rocks (quivered) {!d}
 g - 2 throwing nets {=f}
 w - 22 boomerangs
 H - 46 silver javelins
 P - 3 boomerangs of dispersal {=f}
 U - 22 javelins
Armour
 o - a +3 tower shield of protection (worn) {AC+3}
 p - a +2 hat of magic resistance (worn)
 z - +0 gold dragon scales (worn)
 J - the +4 cloak of the Original Sin (worn) {+Inv rF+}
   (Okawaru gifted it to you on level 2 of the Elven Halls)

   It protects you from fire.
   It lets you turn invisible.
Jewellery
 s - the ring of Dim Light (right claw) {+Blink rC+ MR+ Stlth-}
   (You found it on level 3 of the Elven Halls)

   [ring of protection from magic]

   It protects you from cold.
   It affects your resistance to hostile enchantments.
   It lets you blink.
   It makes you less stealthy.
 B - an uncursed ring of flight
 C - the ring of Divine Compulsion {rElec rF+ rCorr Dex-4}
   (You took it off a deep elf death mage on level 3 of the Elven Halls)

   [ring of resist corrosion]

   It affects your dexterity (-4).
   It protects you from fire.
   It insulates you from electricity.
   It provides partial protection from all sources of acid and corrosion.
 M - an uncursed ring of protection from magic
 S - the amulet of Ufem (around neck) {Faith rElec rF+ rC- Int+3}
   (You found it on level 3 of the Elven Halls)

   [amulet of faith]

   It allows you to gain divine favour quickly.
   It affects your intelligence (+3).
   It protects you from fire.
   It makes you vulnerable to cold.
   It insulates you from electricity.
 Z - a +4 ring of evasion (left claw)
Wands
 d - a wand of disintegration (60)
 D - a wand of digging (25)
 K - a wand of iceblast (47)
 T - a wand of enslavement (76)
 V - a wand of flame (97)
 W - a wand of paralysis (27)
 X - a wand of acid (13)
Scrolls
 a - 13 scrolls of blinking {!r}
 h - 24 scrolls of remove curse
 i - 11 scrolls of identify
 j - 3 scrolls of holy word {!r}
 k - a scroll of summoning
 m - 3 scrolls of fog
 t - 16 scrolls of teleportation
 x - 11 scrolls of fear
 R - 2 scrolls of silence
 Y - 4 scrolls of vulnerability {!r!r}
Potions
 f - 4 potions of mutation {!q}
 l - 8 potions of heal wounds
 q - 24 potions of curing
 u - 4 potions of berserk rage {!q}
 v - 8 potions of might
 A - 5 potions of invisibility
 E - 4 potions of cancellation
 G - 2 potions of resistance
 N - 6 potions of haste
 O - 6 potions of ambrosia
Miscellaneous
 b - a phial of floods
 y - 5 boxes of beasts
 L - 5 phantom mirrors
 Q - a tin of tremorstones (3/3)
Comestibles
 e - 82 rations


   Skills:
 - Level 17.0 Fighting
 + Level 22.8 Throwing
 - Level 15.0 Armour
 - Level 10.0 Dodging
 - Level 0.3 Stealth
 - Level 15.0 Shields
 - Level 20.0 Unarmed Combat
 - Level 9.0 Invocations
 - Level 10.0 Evocations


You had 26 spell levels left.
You didn't know any spells.
Your spell library contained the following spells:

 Spells                   Type           Power        Failure   Level  Hunger
 Animate Skeleton         Necr           N/A          99%         1    ##.....
 Apportation              Tloc           #.....       99%         1    ##.....
 Corona                   Hex            #......      99%         1    ##.....
 Infusion                 Chrm           #...         99%         1    ##.....
 Pain                     Necr           #...         99%         1    ##.....
 Sting                    Tmut/Pois      #...         99%         1    ##.....
 Summon Butterflies       Summ           #.......     99%         1    ##.....
 Summon Small Mammal      Summ           #...         99%         1    ##.....
 Call Imp                 Summ           #.......     100%        2    ###....
 Corpse Rot               Necr/Air       N/A          100%        2    ###....
 Ensorcelled Hibernation  Hex/Ice        #.....       100%        2    ###....
 Poisonous Vapours        Pois/Air       #.....       100%        2    ###....
 Shroud of Golubria       Chrm/Tloc      #.....       100%        2    ###....
 Slow                     Hex            #.......     100%        2    ###....
 Song of Slaying          Chrm           #.......     100%        2    ###....
 Sublimation of Blood     Necr           #.........   100%        2    ###....
 Swiftness                Chrm/Air       #.......     100%        2    ###....
 Call Canine Familiar     Summ           #.......     100%        3    ####...
 Confusing Touch          Hex            #.......     100%        3    ####...
 Dazzling Flash           Conj/Hex       #.....       100%        3    ####...
 Gell's Gravitas          Tloc           #.........   100%        3    ####...
 Ignite Poison            Fire/Tmut/Pois #.......     100%        3    ####...
 Inner Flame              Hex/Fire       #.......     100%        3    ####...
 Lesser Beckoning         Tloc           #.........   100%        3    ####...
 Mephitic Cloud           Conj/Pois/Air  #.......     100%        3    ####...
 Ozocubu's Armour         Chrm/Ice       #.......     100%        3    ####...
 Portal Projectile        Hex/Tloc       #.....       100%        3    ####...
 Recall                   Summ/Tloc      N/A          100%        3    ####...
 Summon Guardian Golem    Hex/Summ       #.......     100%        3    ####...
 Tukima's Dance           Hex            #.......     100%        3    ####...
 Vampiric Draining        Necr           #.........   100%        3    ####...
 Animate Dead             Necr           N/A          100%        4    #####..
 Cause Fear               Hex            #.........   100%        4    #####..
 Dispel Undead            Necr           #.......     100%        4    #####..
 Leda's Liquefaction      Hex/Erth       #.........   100%        4    #####..
 Olgreb's Toxic Radiance  Pois           #.......     100%        4    #####..
 Petrify                  Tmut/Erth      #.......     100%        4    #####..
 Summon Ice Beast         Ice/Summ       #.......     100%        4    #####..
 Summon Lightning Spire   Summ/Air       #.......     100%        4    #####..
 Agony                    Necr           #.......     100%        5    ######.
 Alistair's Intoxication  Tmut/Pois      #.......     100%        5    ######.
 Bolt of Magma            Conj/Fire/Erth #.........   100%        5    ######.
 Borgnjor's Vile Clutch   Necr/Erth      #.........   100%        5    ######.
 Excruciating Wounds      Chrm/Necr      #.........   100%        5    ######.
 Fireball                 Conj/Fire      #.........   100%        5    ######.
 Iskenderun's Battlesphe  Conj/Chrm      #.......     100%        5    ######.
 Metabolic Englaciation   Hex/Ice        #.........   100%        5    ######.
 Summon Mana Viper        Hex/Summ       #.......     100%        5    ######.
 Yara's Violent Unravell  Hex/Tmut       #.........   100%        5    ######.
 Death Channel            Necr           #.........   100%        6    #######
 Freezing Cloud           Conj/Ice/Air   #.........   100%        6    #######
 Invisibility             Hex            #.......     100%        6    #######
 Iron Shot                Conj/Erth      #.........   100%        6    #######
 Simulacrum               Ice/Necr       #.........   100%        6    #######
 Starburst                Conj/Fire      #.........   100%        6    #######
 Haunt                    Necr/Summ      #.........   100%        7    #######
 Orb of Destruction       Conj           #.........   100%        7    #######
 Ring of Flames           Chrm/Fire      #.........   100%        7    #######
 Spellforged Servitor     Conj/Summ      #.........   100%        7    #######
 Summon Hydra             Summ           #.........   100%        7    #######
 Borgnjor's Revivificati  Necr           #.........   100%        8    #######
 Death's Door             Chrm/Necr      #.........   100%        8    #######
 Ignition                 Fire           #.........   100%        8    #######
 Infestation              Necr           #.........   100%        8    #######
 Necromutation            Tmut/Necr      #.........   100%        8    #######


Dungeon Overview and Level Annotations

Branches:
Dungeon (15/15)            Temple (1/1) D:4            Lair (6/6) D:9
  Swamp (4/4) Lair:3        Snake (4/4) Lair:2        Slime (0/5) Lair:6
    Orc (2/2) D:12            Elf (3/3) Orc:2        Vaults (5/5) D:14
  Crypt (0/3) Vaults:3     Depths (5/5) D:15            Zot (5/5) Depths:5

Altars:
Ashenzari
Cheibriados
Dithmenos
Elyvilon
Fedhas
Gozag
Hepliaklqana
Kikubaaqudgha
Makhleb
Nemelex Xobeh
Okawaru
Qazlal
Ru
Sif Muna
Trog
Uskayaw
Vehumet
Wu Jian
Xom
Yredelemnul
Zin
The Shining One

Shops:
Orc:1 *   Orc:2 :!*[   Elf:3 [[   Vaults:1 !   Vaults:3 (   Depths:2 %
Depths:4 ?}*

Portals:
Hell: Lair:6 Depths:1 Depths:2 Depths:3 Depths:4 Depths:5
Abyss: Depths:4
Pandemonium: Depths:1 Depths:3
Ziggurat: Depths:2
Trove: Depths:2 (give +2 shadow dragon scales)

Annotations:
D:12 2 transporters (mutators), 4 exclusions, Grizz's ghost, journeyman MiFi
D:15 1 runed translucent door (smiting angels), 4 exclusions
Depths:1 exclusion: 2 downstairs
Depths:2 2 transporters, exclusions: obsidian statue and 7 more exclusions
Zot:4 7 exclusions
Zot:5 exclusions: 2 upstairs and 2 more exclusions


Innate Abilities, Weirdness & Mutations

You are too large for most types of armour.
You have claws for hands.
Your metabolism is lightning-fast.
You like to eat raw meat.
Your natural rate of healing is unusually fast.
You are covered in fur. (AC +1)
You have extremely tough skin. (AC +3)
You have a pair of small antennae on your head.
You are surrounded by a mild repulsion field. (EV +2)
You are partially covered in slimy green scales. (AC +2)
Armour fits poorly on your strangely shaped body.
You are dopey. (Int -2)
You are frail. (-10% HP)
Your system is resistant to poisons. (rPois)
You occasionally shout uncontrollably at your foes.
You are very weak. (Str -4)
You evolve.
Your spells are a little easier to cast, but a little less powerful.


Message History

An Executioner comes into view.
Health restored: 250 Unknown command.
Throwing (i - inventory. (/) - cycle)
c - 74 large rocks (quivered)
{!d}
Aim: an Executioner You throw a large rock {!d}.
The large rock {!d} hits the Executioner!!
Throwing (i - inventory. (/) - cycle)
c - 73 large rocks (quivered)
{!d}
Aim: an Executioner (heavily wounded)
You throw a large rock {!d}.
The large rock {!d} misses the Executioner.
Throwing (i - inventory. (/) - cycle)
c - 72 large rocks (quivered)
{!d}
Aim: an Executioner (heavily wounded)
You throw a large rock {!d}.
The large rock {!d} hits the Executioner!!!!
You kill the Executioner!
No target in view!
There is an open door here.
There is a staircase leading out of the dungeon here.
You have escaped!

#....#.....[...#.......####
##.####..§(§#§..#.....##.##.
####..# ##..§(§..##>....###.##
#....#### ####'#########.# ##..
#.).##..## ##8.8## #..######..
#...#.≈..## ##'## #..≈.#......
#...#.§≈.####...####.≈≈.#.#####
#..)#≈§≈.#≈#.....#≈#.§≈≈#.#
###...#≈≈≈§#.+..@..'.#≈§≈≈#.#
......#≈≈≈.#≈#.....#≈#.≈≈≈#.#
####..#.≈≈.####...####.≈≈.#.# #
#...#.≈..## ##'## #..≈.#.#
###..###..## ##...## #..##.#####
.....######################..>...
.###.#.....##.......##.## #.#####
.###.#.#####......#..#..###.).###
..##.#.# #.........##..####..#

Skill      XL: |  1  2  3  4  5  6  7  8  9 10 11 12 13 14 15 16 17 18 19 20 21 22 23 24 25 26 27 |
---------------+----------------------------------------------------------------------------------+-----
Unarmed Combat | 1 2 3 4 5 7 10 11 12 14 15 16 17 18 19 20 | 20.0
Fighting       | 2 3 5 7 8 9 11 12 13 14 15 16 17 | 17.0
Invocations    | 3 8 9 |  9.0
Throwing       | 6 7 10 11 12 14 15 16 17 18 21 22 | 22.8
Dodging        | 5 6 7 8 9 10 | 10.0
Shields        | 4 6 8 9 11 12 13 15 | 15.0
Evocations     | 3 4 5 7 8 10 | 10.0
Armour         | 3 8 11 14 15 | 15.0
Stealth        | |  0.3

Notes
Turn   | Place    | Note
-------+----------+-------------------------------------------
     0 | D:1      | hittemvvvvhard the Troll Hunter began the quest for the
                  | Orb.
     0 | D:1      | Reached XP level 1. HP: 19/19 MP: 0/0
    58 | D:1      | Reached skill level 1 in Unarmed Combat
    74 | D:1      | Reached XP level 2. HP: 19/27 MP: 1/1
   132 | D:1      | Reached skill level 2 in Unarmed Combat
   415 | D:1      | Reached XP level 3. HP: 31/33 MP: 2/2
   436 | D:1      | Reached skill level 3 in Unarmed Combat
   839 | D:2      | Reached XP level 4. HP: 39/41 MP: 3/3
   950 | D:2      | Reached skill level 4 in Unarmed Combat
  1697 | D:3      | Found a sparkling altar of Nemelex Xobeh.
  1707 | D:3      | Reached XP level 5. HP: 47/48 MP: 4/4
  1868 | D:3      | Reached skill level 5 in Unarmed Combat
  2051 | D:3      | Found a snail-covered altar of Cheibriados.
  2250 | D:4      | Found a staircase to the Ecumenical Temple.
  2264 | D:4      | HP: 12/48 [gnoll/+0 club (7)]
  2443 | D:4      | Found an ornate altar of the Wu Jian Council.
  2531 | Temple   | Entered the Ecumenical Temple
  2539 | Temple   | Became a worshipper of Warmaster Okawaru
  2580 | D:4      | Noticed Robin
  2600 | D:4      | Killed Robin
  2601 | D:4      | Reached XP level 6. HP: 46/55 MP: 5/5
  2628 | D:4      | Reached skill level 6 in Unarmed Combat
  3135 | D:5      | Entered Level 5 of the Dungeon
  3135 | D:5      | Noticed a water moccasin
  3255 | D:5      | Reached skill level 7 in Unarmed Combat
  3284 | D:5      | Found a sacrificial altar of Ru.
  3290 | D:5      | Found an ancient bone altar of Kikubaaqudgha.
  3363 | D:5      | Reached skill level 2 in Fighting
  3363 | D:5      | Reached XP level 7. HP: 40/66 MP: 6/6
  3371 | D:5      | Reached * piety under Okawaru
  3440 | D:5      | Got a brightly glowing halberd
  3441 | D:5      | Identified the +2 halberd "Tiytoh" {vorpal, *Slow Int+3}
                  | (You found it on level 5 of the Dungeon)
  3645 | D:5      | Reached skill level 2 in Invocations
  3751 | D:5      | Found a white marble altar of Elyvilon.
  3767 | D:5      | Reached skill level 3 in Invocations
  3807 | D:5      | Found a shattered altar of Ashenzari.
  3826 | D:5      | Reached skill level 3 in Fighting
  4034 | D:5      | Saw a vision of the Swamp and the Snake Pit.
  4034 | D:5      | Noticed a black mamba
  4034 | D:5      | Noticed a naga warrior
  4034 | D:5      | Noticed a naga mage
  4034 | D:5      | Noticed a black mamba
  4034 | D:5      | Noticed a naga mage
  4034 | D:5      | Noticed a shock serpent
  4034 | D:5      | Noticed a naga mage
  4034 | D:5      | Noticed an anaconda
  4034 | D:5      | Noticed a black mamba
  4035 | D:5      | Noticed a naga mage
  4035 | D:5      | Noticed a naga sharpshooter
  4036 | D:5      | Noticed a naga sharpshooter
  4251 | D:6      | Reached XP level 8. HP: 57/78 MP: 9/9
  4263 | D:6      | Reached skill level 4 in Fighting
  4400 | D:6      | Reached ** piety under Okawaru
  4498 | D:6      | Reached skill level 5 in Fighting
  4613 | D:6      | Reached skill level 4 in Throwing
  4860 | D:6      | Reached skill level 5 in Throwing
  5193 | D:7      | Reached skill level 6 in Throwing
  5592 | D:7      | Reached XP level 9. HP: 86/88 MP: 10/10
  5856 | D:8      | Reached *** piety under Okawaru
  5856 | D:8      | Reached skill level 7 in Throwing
  5890 | D:8      | Found a bloodstained altar of Trog.
  5892 | D:8      | Found a glowing silver altar of Zin.
  5892 | D:8      | Found a shimmering altar of Xom.
  5895 | D:8      | Found a shadowy altar of Dithmenos.
  6221 | D:9      | Reached skill level 8 in Unarmed Combat
  6314 | D:9      | Noticed a troll
  6326 | D:9      | Killed a troll
  6326 | D:9      | Reached skill level 9 in Unarmed Combat
  6430 | D:8      | Reached **** piety under Okawaru
  6461 | D:8      | Reached skill level 10 in Unarmed Combat
  6511 | D:8      | Noticed a centaur warrior
  6625 | D:8      | Noticed an orc high priest
  6626 | D:8      | Noticed a hellwing
  6686 | D:9      | Reached XP level 10. HP: 95/96 MP: 8/11
  6698 | D:8      | Reached skill level 11 in Unarmed Combat
  6701 | D:8      | Reached skill level 2 in Dodging
  6786 | D:9      | HP: 24/96 [yak (3)]
  6792 | D:9      | HP: 24/96 [yak (6)]
  6804 | D:9      | Reached skill level 3 in Dodging
  6805 | D:9      | HP: 16/96 [yak (10)]
  6924 | D:9      | Found a staircase to the Lair.
  6978 | D:9      | Reached ***** piety under Okawaru
  6978 | D:9      | Reached skill level 4 in Dodging
  7189 | D:9      | Reached skill level 5 in Dodging
  7248 | D:9      | Found a bloodstained altar of Trog.
  8140 | D:8      | Reached skill level 6 in Fighting
  8224 | D:10     | Entered Level 10 of the Dungeon
  8871 | D:10     | Reached skill level 7 in Fighting
  9168 | D:10     | HP: 22/102 [something (9)]
  9379 | D:11     | Reached XP level 11. HP: 109/109 MP: 12/12
  9468 | D:11     | Upgraded the game from 0.25-a0-443-gece2dee8bd to
                  | 0.25-a0-464-g3004169c2b
  9468 | D:11     | Upgraded the game from 0.25-a0-464-g3004169c2b to
                  | 0.25-a0-937-gcfae464cf3
  9566 | D:11     | Noticed a two-headed ogre
  9571 | D:11     | Received a gift from Okawaru
  9577 | D:11     | Killed a two-headed ogre
  9577 | D:11     | Reached skill level 4 in Invocations
  9700 | D:11     | Noticed a two-headed ogre
  9708 | D:11     | Killed a two-headed ogre
  9708 | D:11     | Received a gift from Okawaru
  9708 | D:11     | Reached skill level 5 in Invocations
  9852 | D:11     | Received a gift from Okawaru
  9857 | D:11     | Reached skill level 6 in Invocations
 10145 | D:11     | Noticed a skeletal warrior
 10145 | D:11     | Noticed a skeletal warrior
 10145 | D:11     | Noticed a skeletal warrior
 10145 | D:11     | Noticed a skeletal warrior
 10157 | D:11     | Killed a skeletal warrior
 10157 | D:11     | Reached skill level 7 in Invocations
 10157 | D:11     | Noticed a skeletal warrior
 10281 | D:10     | Killed a skeletal warrior
 10376 | D:11     | Noticed a white ugly thing
 10423 | D:9      | Killed a skeletal warrior
 10542 | D:9      | Killed a skeletal warrior
 10578 | Lair:1   | Entered Level 1 of the Lair of Beasts
 10596 | D:9      | Reached skill level 8 in Fighting
 10677 | Lair:1   | Received a gift from Okawaru
 11129 | Lair:1   | Got a crude jade amulet
 11131 | Lair:1   | Identified the amulet "Fueffecu" {RegenMP rC+} (You found
                  | it on level 1 of the Lair of Beasts)
 11394 | Lair:2   | Reached skill level 8 in Invocations
 11394 | Lair:2   | Reached XP level 12. HP: 77/122 MP: 15/17
 11617 | Lair:2   | Reached skill level 12 in Unarmed Combat
 11899 | Lair:2   | Found a staircase to the Snake Pit.
 12047 | Lair:2   | Found a large runed translucent door.
 12047 | Lair:2   | Found a large runed translucent door.
 12047 | Lair:2   | Noticed Xaosum's ghost (journeyman OgFE)
 12219 | Lair:2   | Killed Xaosum's ghost
 12284 | Lair:3   | Found a staircase to the Swamp.
 12292 | Lair:3   | Noticed a seven-headed hydra
 12451 | Lair:3   | Found the +8 Wrath of Trog {antimagic, *Rage}
 12733 | Lair:3   | Reached skill level 1 in Shields
 12839 | Lair:3   | Reached ****** piety under Okawaru
 13251 | Lair:3   | Noticed an eight-headed hydra
 13407 | Lair:4   | Reached skill level 2 in Shields
 13490 | Lair:4   | Received a gift from Okawaru
 13491 | Lair:4   | Got a bloodstained robe {god gift}
 13501 | Lair:4   | Identified the +1 robe "Mabobuul" {+Blink} (Okawaru gifted
                  | it to you on level 4 of the Lair of Beasts)
 13785 | Lair:4   | Noticed an entropy weaver
 13834 | Lair:4   | Reached skill level 9 in Invocations
 13840 | Lair:4   | Reached skill level 1 in Evocations
 13858 | Lair:4   | Killed an entropy weaver
 13858 | Lair:4   | Reached skill level 3 in Shields
 13913 | Lair:4   | Got a transparent whip
 13929 | Lair:4   | Noticed Josephine
 13942 | Lair:4   | Killed Josephine
 13942 | Lair:4   | Reached skill level 2 in Evocations
 14177 | Lair:4   | Reached skill level 4 in Shields
 14186 | Lair:4   | Reached skill level 3 in Evocations
 14278 | Lair:4   | Noticed an entropy weaver
 14278 | Lair:4   | Noticed a queen ant
 14284 | Lair:4   | Killed an entropy weaver
 14294 | Lair:4   | Killed a queen ant
 14294 | Lair:4   | Reached XP level 13. HP: 114/130 MP: 11/18
 14461 | Lair:4   | Reached skill level 8 in Throwing
 14911 | Lair:5   | Got a pitted scimitar
 15009 | Lair:5   | Found a runed translucent gate.
 15009 | Lair:5   | Found a runed translucent gate.
 15009 | Lair:5   | Found a runed translucent gate.
 15078 | Lair:5   | Noticed Libboc's ghost (journeyman DEFE)
 15109 | Lair:5   | Reached skill level 5 in Shields
 15136 | Lair:5   | Reached skill level 4 in Evocations
 15362 | Lair:5   | Received a gift from Okawaru
 15436 | Lair:5   | Reached skill level 9 in Fighting
 15512 | Lair:5   | Received a gift from Okawaru
 15645 | Lair:5   | Identified the +6 scimitar of Qazlal's Generosity {freeze,
                  | Dex+3} (You found it on level 5 of the Lair of Beasts)
 15733 | Lair:5   | Reached skill level 9 in Throwing
 16153 | Lair:5   | Identified the cursed +1 whip "Inalef Fett" {flame, rElec
                  | Int+4} (You found it on level 4 of the Lair of Beasts)
 16193 | Lair:6   | Entered Level 6 of the Lair of Beasts
 16538 | Lair:6   | Reached skill level 6 in Shields
 16721 | Lair:6   | Received a gift from Okawaru
 16726 | Lair:6   | Reached skill level 10 in Throwing
 16848 | Lair:6   | Reached XP level 14. HP: 141/141 MP: 19/19
 16867 | Lair:6   | Reached skill level 13 in Unarmed Combat
 17036 | Lair:6   | Got a dazzling war axe
 17098 | Lair:6   | Found a staircase to the Slime Pits.
 17585 | Lair:6   | Reached skill level 10 in Fighting
 17693 | Lair:6   | Reached skill level 7 in Shields
 17794 | Lair:6   | Found a burning altar of Makhleb.
 17930 | Lair:6   | Found a gateway to Hell.
 17938 | Lair:6   | Got a shimmering quarterstaff
 18083 | Lair:6   | Identified the +4 quarterstaff "Kuv Yrgh" {antimagic, +Inv}
                  | (You found it on level 6 of the Lair of Beasts)
 18406 | D:12     | Found a staircase to the Orcish Mines.
 18564 | D:12     | Found a transporter.
 18567 | D:12     | Noticed Grizz's ghost (journeyman MiFi)
 18579 | D:12     | Found a transporter.
 18764 | D:12     | Found a shadowy altar of Dithmenos.
 19402 | Orc:1    | Entered Level 1 of the Orcish Mines
 19519 | Orc:1    | Found Laddy's General Store.
 20005 | Orc:2    | Entered Level 2 of the Orcish Mines
 20070 | Orc:2    | Found a runed translucent door.
 20107 | Orc:2    | Reached skill level 8 in Shields
 20416 | Orc:2    | Found a shimmering altar of Xom.
 20416 | Orc:2    | Noticed twoshot's ghost (journeyman DDFi)
 20497 | Orc:2    | Reached skill level 14 in Unarmed Combat
 20503 | Orc:2    | Received a gift from Okawaru
 20513 | Orc:2    | Found Keicev's Antique Armour Shop.
 20550 | Orc:2    | Received a gift from Okawaru
 20572 | Orc:2    | Paralysed by an orc sorcerer for 2 turns
 20582 | Orc:2    | Reached skill level 11 in Fighting
 20607 | Orc:2    | Got a slimy cloak {god gift}
 20642 | Orc:2    | Found Kus Yneodau's Distillery.
 20682 | Orc:2    | Found Ahulot's Assorted Antiques.
 20686 | Orc:2    | Found Exoricul's Book Shoppe.
 20702 | Orc:2    | Identified the +0 cloak of the Will of the Gods {+Blink}
                  | (Okawaru gifted it to you on level 2 of the Orcish Mines)
 20758 | Orc:2    | Found a staircase to the Elven Halls.
 21032 | Orc:2    | Bought a potion of heal wounds for 80 gold pieces
 21042 | Orc:2    | Bought a dented filigree amulet for 110 gold pieces
 21208 | Orc:1    | Bought a box of beasts for 280 gold pieces
 21466 | D:13     | Reached XP level 15. HP: 153/153 MP: 20/20
 21474 | D:13     | Found a frozen archway.
 22913 | D:14     | Reached skill level 9 in Shields
 23060 | D:14     | Found a large runed translucent door.
 23061 | D:14     | Found a large runed translucent door.
 23335 | D:14     | Found a gate to the Vaults.
 23340 | D:14     | Received a gift from Okawaru
 23709 | D:14     | Found a shimmering blue altar of Sif Muna.
 23866 | D:15     | Entered Level 15 of the Dungeon
 23869 | D:15     | Found a runed translucent door.
 23869 | D:15     | Found a shimmering altar of Xom.
 23869 | D:15     | Noticed Doofuf's ghost (journeyman DsWn)
 23911 | D:15     | Identified the +7 dire flail of Conformity {chaos, *Noise
                  | rElec Int+5}
 23952 | D:15     | Found a hazy altar of Hepliaklqana.
 24138 | D:15     | Reached skill level 15 in Unarmed Combat
 24211 | D:15     | Reached skill level 12 in Fighting
 24316 | D:15     | Found a staircase to the Depths.
 24584 | D:15     | Found a glowing golden altar of the Shining One.
 24584 | D:15     | Noticed a daeva
 24699 | D:15     | Found a runed translucent door.
 25406 | Swamp:1  | Entered Level 1 of the Swamp
 25550 | Swamp:1  | Received a gift from Okawaru
 25727 | Swamp:1  | Received a gift from Okawaru
 25863 | Swamp:1  | Got a crude quarterstaff {god gift}
 25876 | Swamp:1  | Noticed Aizul
 25896 | Swamp:1  | HP: 32/156 [Aizul (15)]
 25900 | Swamp:1  | HP: 8/156 [Aizul (22)]
 25906 | Swamp:1  | Killed Aizul
 25913 | Swamp:1  | HP: 39/156 [poisoned by Aizul (bolt of poison)]
 25918 | Swamp:1  | HP: 33/156 [poisoned by Aizul (bolt of poison)]
 25923 | Swamp:1  | HP: 30/156 [poisoned by Aizul (bolt of poison)]
 25928 | Swamp:1  | HP: 29/156 [poisoned by Aizul (bolt of poison)]
 25933 | Swamp:1  | HP: 29/156 [poisoned by Aizul (bolt of poison)]
 25939 | Swamp:1  | HP: 30/156 [poisoned by Aizul (bolt of poison)]
 25945 | Swamp:1  | HP: 33/156 [poisoned by Aizul (bolt of poison)]
 25953 | Swamp:1  | HP: 37/156 [poisoned by Aizul (bolt of poison)]
 26139 | Swamp:1  | Upgraded the game from 0.25-a0-937-gcfae464cf3 to
                  | 0.25-a0-942-g87a53962fc
 26609 | Swamp:2  | Reached skill level 5 in Evocations
 26754 | Swamp:2  | Received a gift from Okawaru
 26893 | Swamp:2  | Got an encrusted cloak {god gift}
 26904 | Swamp:2  | Identified the +1 cloak "Conloxatu" {MR+ Str+6} (Okawaru
                  | gifted it to you on level 2 of the Swamp)
 26975 | Swamp:2  | Noticed Donald
 26989 | Swamp:2  | Killed Donald
 26989 | Swamp:2  | Reached XP level 16. HP: 165/165 MP: 14/21
 28407 | Swamp:4  | Entered Level 4 of the Swamp
 28416 | Swamp:4  | Noticed a thorn hunter
 28423 | Swamp:4  | Killed a thorn hunter
 28423 | Swamp:4  | Reached skill level 6 in Dodging
 28423 | Swamp:4  | Reached skill level 10 in Shields
 28802 | Swamp:4  | Reached skill level 6 in Evocations
 29146 | Swamp:4  | Noticed the 27-headed Lernaean hydra
 29147 | Swamp:4  | Killed the 27-headed Lernaean hydra
 29471 | Swamp:4  | Received a gift from Okawaru
 29589 | Swamp:4  | Got a decaying rune of Zot
 30563 | Lair:5   | Killed Libboc's ghost
 31106 | D:8      | Found a glowing silver altar of Zin.
 31108 | D:8      | Found a shadowy altar of Dithmenos.
 31108 | D:8      | Found a shimmering altar of Xom.
 31109 | D:8      | Found a bloodstained altar of Trog.
 31486 | D:8      | Noticed Maurice
 31491 | D:8      | Killed Maurice
 31834 | D:15     | Received a gift from Okawaru
 31855 | D:15     | Killed Doofuf's ghost
 32053 | Orc:2    | Reached skill level 7 in Evocations
 32079 | Orc:2    | Killed twoshot's ghost
 32532 | Vaults:1 | Entered Level 1 of the Vaults
 32600 | Vaults:1 | Received a gift from Okawaru
 33165 | Vaults:1 | Reached skill level 11 in Shields
 33168 | Vaults:1 | Reached XP level 17. HP: 137/175 MP: 14/22
 33337 | Vaults:1 | Reached skill level 7 in Dodging
 33760 | Vaults:1 | Received a gift from Okawaru
 34150 | Vaults:1 | Found Quede's Distillery.
 34167 | Vaults:1 | Bought a potion of heal wounds for 55 gold pieces
 34235 | Vaults:1 | Reached skill level 8 in Evocations
 34455 | Vaults:1 | Received a gift from Okawaru
 34501 | Vaults:1 | Got a ripped robe {god gift}
 34514 | Vaults:1 | Identified the +1 robe of Magic {Dex+4} (Okawaru gifted it
                  | to you on level 1 of the Vaults)
 34695 | Vaults:2 | Reached skill level 16 in Unarmed Combat
 34763 | Vaults:2 | Reached skill level 13 in Fighting
 34842 | Vaults:2 | Noticed Mennas
 34857 | Vaults:2 | Killed Mennas
 35342 | Vaults:2 | Reached skill level 12 in Shields
 35797 | Vaults:2 | Reached XP level 18. HP: 185/185 MP: 21/23
 35821 | Vaults:2 | Reached skill level 8 in Dodging
 35835 | Vaults:2 | Received a gift from Okawaru
 35835 | Vaults:2 | Reached skill level 9 in Evocations
 36725 | Vaults:3 | Upgraded the game from 0.25-a0-942-g87a53962fc to
                  | 0.25-a0-1007-g10a8c3caa8
 36941 | Vaults:3 | Received a gift from Okawaru
 37117 | Vaults:3 | Found a staircase to the Crypt.
 37318 | Vaults:3 | Received a gift from Okawaru
 37384 | Vaults:3 | Noticed a lich
 37399 | Vaults:3 | Killed a lich
 37399 | Vaults:3 | Received a gift from Okawaru
 38013 | Vaults:3 | Received a gift from Okawaru
 38076 | Vaults:3 | Found Guirirezas's Weapon Shop.
 38186 | Vaults:3 | Identified the Guide on Cloudy Curses
 38513 | Vaults:4 | Received a gift from Okawaru
 39043 | Vaults:4 | Reached skill level 10 in Evocations
 39155 | Vaults:4 | Reached XP level 19. HP: 196/196 MP: 25/25
 39360 | Vaults:4 | Reached skill level 13 in Shields
 39514 | Vaults:4 | Reached skill level 17 in Unarmed Combat
 39618 | Vaults:4 | Received a gift from Okawaru
 40023 | Vaults:4 | Reached skill level 14 in Fighting
 40214 | Vaults:4 | Reached skill level 9 in Dodging
 40429 | Vaults:4 | Received a gift from Okawaru
 41091 | Snake:1  | Entered Level 1 of the Snake Pit
 41421 | Snake:1  | Found an opulent altar of Gozag.
 41935 | Snake:1  | Received a gift from Okawaru
 42276 | Snake:2  | Received a gift from Okawaru
 42506 | Snake:2  | Received a gift from Okawaru
 42842 | Snake:2  | Reached skill level 11 in Throwing
 42996 | Snake:2  | Noticed Asterion
 43024 | Snake:2  | Killed Asterion
 43713 | Snake:3  | Upgraded the game from 0.25-a0-1007-g10a8c3caa8 to
                  | 0.25-a0-1056-g2efb326896
 43961 | Snake:3  | Reached XP level 20. HP: 208/208 MP: 26/26
 44693 | Snake:3  | Got a translucent turquoise ring
 44695 | Snake:3  | Identified the ring of Ikokluf {MR+ Int+3} (You found it on
                  | level 3 of the Snake Pit)
 45170 | Snake:4  | Entered Level 4 of the Snake Pit
 45398 | Snake:4  | Reached skill level 14 in Shields
 45507 | Snake:4  | Noticed Kirke
 45525 | Snake:4  | Killed Kirke
 45531 | Snake:4  | Received a gift from Okawaru
 45654 | Snake:4  | Reached skill level 18 in Unarmed Combat
 45666 | Snake:4  | Noticed Nikola
 45681 | Snake:4  | Killed Nikola
 45681 | Snake:4  | Received a gift from Okawaru
 46551 | Snake:4  | Got a serpentine rune of Zot
 46648 | Snake:4  | Reached skill level 10 in Dodging
 46972 | Depths:1 | Entered Level 1 of the Depths
 47397 | Depths:1 | Reached skill level 15 in Fighting
 48512 | Depths:1 | Received a gift from Okawaru
 48710 | Depths:1 | Found a one-way gate leading to the halls of Pandemonium.
 48733 | Depths:1 | Received a gift from Okawaru
 48820 | Depths:2 | Noticed a lich
 48909 | Depths:2 | Noticed an entropy weaver
 48910 | Depths:2 | Reached skill level 12 in Throwing
 49034 | Depths:2 | an entropy weaver changed into an alligator
 49150 | Depths:1 | Reached skill level 15 in Shields
 49310 | Depths:1 | Received a gift from Okawaru
 49696 | Depths:1 | Reached XP level 21. HP: 115/218 MP: 27/27
 50270 | Depths:1 | HP: 43/219 [flayed ghost/flay_damage (24)]
 50491 | Depths:2 | Killed a lich
 50538 | Depths:2 | Found a gateway to a ziggurat.
 50654 | Depths:2 | Received a gift from Okawaru
 50657 | Depths:2 | Identified the +1 robe "Fonupaox" {rPois MR- Stlth+}
                  | (Okawaru gifted it to you on level 2 of the Depths)
 50687 | Depths:2 | Found a transporter.
 50689 | Depths:2 | Noticed a golden dragon
 50690 | Depths:2 | Noticed a golden dragon
 50692 | Depths:2 | Identified the ring of the Tormentor {+Blink rF+ rN+ Str+3}
 50778 | Depths:2 | Found a transporter.
 50789 | Depths:2 | Found Zihoofu's Food Boutique.
 50904 | Depths:2 | Found a portal to a secret trove of treasure.
 52017 | Depths:4 | Reached skill level 13 in Throwing
 52032 | Depths:4 | Noticed Margery
 52206 | Depths:4 | Noticed Xtahua
 52291 | Depths:4 | Noticed a golden dragon
 52543 | Depths:3 | Reached skill level 16 in Fighting
 52898 | Depths:3 | Reached skill level 14 in Throwing
 52977 | Depths:3 | Received a gift from Okawaru
 53145 | Depths:3 | Received a gift from Okawaru
 53148 | Depths:3 | Got a crystal giant club {god gift}
 53151 | Depths:3 | Identified the +5 giant club "Umeybrim" {freeze, *Slow
                  | +Blink rF- rN+++} (Okawaru gifted it to you on level 3 of
                  | the Depths)
 53420 | Depths:3 | Reached XP level 22. HP: 231/231 MP: 28/28
 53516 | Depths:3 | Noticed an ancient lich
 53526 | Depths:3 | Killed an ancient lich
 53526 | Depths:3 | Reached skill level 15 in Throwing
 53871 | Depths:3 | Reached skill level 1 in Armour
 53993 | Depths:4 | Killed a golden dragon
 53993 | Depths:4 | Received a gift from Okawaru
 53994 | Depths:4 | Reached skill level 2 in Armour
 54002 | Depths:3 | Killed Xtahua
 54137 | Depths:4 | Killed Margery
 54137 | Depths:4 | Received a gift from Okawaru
 54402 | Depths:4 | Found Bezoaz's Assorted Antiques.
 54435 | Depths:4 | Found Kurap's Gadget Boutique.
 54443 | Depths:4 | Bought a phantom mirror for 570 gold pieces
 54443 | Depths:4 | Bought a phantom mirror for 570 gold pieces
 54443 | Depths:4 | Bought a box of beasts for 380 gold pieces
 54443 | Depths:4 | Bought a wand of acid (3) for 266 gold pieces
 54443 | Depths:4 | Bought a box of beasts for 380 gold pieces
 54443 | Depths:4 | Bought a phantom mirror for 570 gold pieces
 54443 | Depths:4 | Bought a wand of acid (10) for 532 gold pieces
 54494 | Depths:4 | Found a one-way gate to the infinite horrors of the Abyss.
 54531 | Depths:4 | Found Agutisirr's Magic Scroll Shoppe.
 54653 | Depths:4 | Reached skill level 3 in Armour
 54757 | Depths:4 | Identified the Grimoire of the Boosting Volcanoes
 54805 | Depths:4 | Received a gift from Okawaru
 54942 | Depths:4 | Reached XP level 23. HP: 231/239 MP: 29/29
 55030 | Depths:4 | Reached skill level 4 in Armour
 55096 | Depths:5 | Entered Level 5 of the Depths
 55096 | Depths:5 | Noticed a lich
 55100 | Depths:5 | Killed a lich
 55100 | Depths:5 | Received a gift from Okawaru
 55101 | Depths:5 | Identified the +4 troll leather armour of Exinoac {rC-
                  | Regen+ Str+2 Int+4 Slay+5} (Okawaru gifted it to you on
                  | level 5 of the Depths)
 55361 | Depths:5 | Reached skill level 5 in Armour
 55566 | Depths:5 | Found a gate to the Realm of Zot.
 55644 | Depths:5 | Noticed a lich
 55652 | Depths:5 | Killed a lich
 55683 | Depths:5 | Noticed a caustic shrike
 55685 | Depths:5 | Noticed a caustic shrike
 55709 | Depths:4 | Killed a caustic shrike
 55776 | Depths:5 | Reached skill level 6 in Armour
 55801 | Depths:5 | Noticed a caustic shrike
 55805 | Depths:5 | Killed a caustic shrike
 55805 | Depths:5 | Received a gift from Okawaru
 55820 | Depths:5 | Killed a caustic shrike
 56048 | Depths:5 | Noticed a deep elf sorcerer
 56052 | Depths:5 | Killed a deep elf sorcerer
 56653 | Depths:5 | Noticed Frederick
 56655 | Depths:5 | Reached skill level 7 in Armour
 56664 | Depths:5 | Killed Frederick
 56989 | Elf:1    | Entered Level 1 of the Elven Halls
 57154 | Elf:1    | Found a flickering gateway to a bazaar.
 57171 | Bazaar   | Entered a bazaar
 57171 | Bazaar   | Found Anewat's Assorted Antiques.
 57232 | Bazaar   | Found Ciqyhuc's General Store.
 57239 | Bazaar   | Found Agohoeja's Jewellery Emporium.
 57243 | Bazaar   | Found Waboerch's Distillery.
 57250 | Bazaar   | Found Ymaxt's Food Boutique.
 57266 | Bazaar   | Bought the ring of Waihan {rPois rF+ rC+ Dex+4 Stlth+} for
                  | 544 gold pieces
 57272 | Bazaar   | Bought a potion of cancellation for 136 gold pieces
 57272 | Bazaar   | Bought a potion of heal wounds for 85 gold pieces
 57272 | Bazaar   | Bought a potion of cancellation for 136 gold pieces
 57272 | Bazaar   | Bought a potion of invisibility for 136 gold pieces
 57272 | Bazaar   | Bought a potion of might for 68 gold pieces
 57272 | Bazaar   | Bought a potion of curing for 51 gold pieces
 57285 | Bazaar   | Bought a wand of iceblast (13) for 272 gold pieces
 57306 | Bazaar   | Bought a potion of ambrosia for 144 gold pieces
 57306 | Bazaar   | Bought a potion of mutation for 144 gold pieces
 57306 | Bazaar   | Bought a potion of might for 72 gold pieces
 57306 | Bazaar   | Bought a wand of iceblast (8) for 72 gold pieces
 57725 | Elf:1    | Received a gift from Okawaru
 58032 | Elf:2    | Got a glittering tin ring
 58033 | Elf:2    | Identified the ring of Res Nullius {*Tele +Fly} (You found
                  | it on level 2 of the Elven Halls)
 58133 | Elf:2    | Gained mutation: You are weak. (Str -2) [potion of
                  | mutation]
 58133 | Elf:2    | Gained mutation: You tend to lose your temper in combat.
                  | [potion of mutation]
 58133 | Elf:2    | Gained mutation: You are robust. (+10% HP) [potion of
                  | mutation]
 58179 | Elf:2    | Noticed a deep elf sorcerer
 58188 | Elf:2    | Killed a deep elf sorcerer
 58194 | Elf:2    | Reached skill level 8 in Armour
 58196 | Elf:2    | Noticed a deep elf sorcerer
 58204 | Elf:2    | Killed a deep elf sorcerer
 58235 | Elf:2    | Lost mutation: You are robust. (+10% HP) [potion of
                  | mutation]
 58235 | Elf:2    | Lost mutation: You tend to lose your temper in combat.
                  | [potion of mutation]
 58235 | Elf:2    | Gained mutation: You evolve. [potion of mutation]
 58235 | Elf:2    | Gained mutation: You have a pair of small antennae on your
                  | head. [potion of mutation]
 58235 | Elf:2    | Gained mutation: You are partially covered in slimy green
                  | scales. (AC +2) [potion of mutation]
 58430 | Elf:2    | Reached skill level 16 in Throwing
 58549 | Elf:2    | Found a huge runed translucent gate.
 58549 | Elf:2    | Found a huge runed translucent gate.
 58549 | Elf:2    | Found a huge runed translucent gate.
 58550 | Elf:2    | Found a huge runed translucent gate.
 58552 | Elf:2    | Found a huge runed translucent gate.
 58840 | Elf:2    | Reached XP level 24. HP: 250/250 MP: 29/29
 58942 | Elf:2    | Received a gift from Okawaru
 58945 | Elf:2    | Identified the +4 cloak of the Original Sin {+Inv rF+}
                  | (Okawaru gifted it to you on level 2 of the Elven Halls)
 59011 | Elf:2    | Reached skill level 19 in Unarmed Combat
 59203 | Elf:3    | Entered Level 3 of the Elven Halls
 59497 | Elf:3    | Reached skill level 9 in Armour
 59686 | Elf:3    | Noticed a deep elf demonologist
 59687 | Elf:3    | Found Rynenik's Antique Armour Boutique.
 59712 | Elf:3    | Killed a deep elf demonologist
 59936 | Elf:3    | Upgraded the game from 0.25-a0-1056-g2efb326896 to
                  | 0.25-a0-1073-gf4359a17dd
 60903 | Elf:3    | Noticed a deep elf sorcerer
 60903 | Elf:3    | Noticed a deep elf demonologist
 60924 | Elf:3    | Killed a deep elf demonologist
 61062 | Elf:3    | Reached skill level 17 in Fighting
 61082 | Elf:3    | Noticed a deep elf demonologist
 61084 | Elf:3    | Killed a deep elf demonologist
 61091 | Elf:3    | Noticed a deep elf demonologist
 61091 | Elf:3    | Noticed Louise
 61105 | Elf:3    | Killed a deep elf demonologist
 61119 | Elf:3    | Killed Louise
 61150 | Elf:3    | Gained mutation: Your system is resistant to poisons.
                  | (rPois) [evolution]
 61164 | Elf:3    | Noticed a deep elf demonologist
 61168 | Elf:3    | Killed a deep elf demonologist
 61195 | Elf:3    | Killed a deep elf sorcerer
 61227 | Elf:3    | Identified the ring of Divine Compulsion {rElec rF+ rCorr
                  | Dex-4}
 61251 | Elf:3    | Received a gift from Okawaru
 61354 | Elf:3    | Found the +3 giant club "Skullcrusher" {speed, Str+7}
 61357 | Elf:3    | Identified the ring of Dim Light {+Blink rC+ MR+ Stlth-}
                  | (You found it on level 3 of the Elven Halls)
 61381 | Elf:3    | Identified the amulet of Ufem {Faith rElec rF+ rC- Int+3}
                  | (You found it on level 3 of the Elven Halls)
 61418 | Elf:3    | Noticed a deep elf demonologist
 61420 | Elf:3    | Killed a deep elf demonologist
 61420 | Elf:3    | Reached skill level 10 in Armour
 61466 | Elf:3    | Noticed a deep elf sorcerer
 61475 | Elf:3    | Killed a deep elf sorcerer
 61477 | Elf:3    | Noticed a deep elf sorcerer
 61487 | Elf:3    | Killed a deep elf sorcerer
 61502 | Elf:3    | Identified the Volume of Sinister Ice
 61764 | Elf:3    | Found Gentirph's Antique Armour Boutique.
 62242 | Vaults:5 | Entered Level 5 of the Vaults
 62242 | Vaults:5 | Noticed a deep elf sorcerer
 62251 | Vaults:5 | Received a gift from Okawaru
 62351 | Vaults:5 | Received a gift from Okawaru
 62406 | Vaults:5 | Noticed an ancient lich
 62418 | Vaults:5 | Killed an ancient lich
 62418 | Vaults:5 | Received a gift from Okawaru
 62418 | Vaults:5 | Reached skill level 11 in Armour
 62516 | Vaults:5 | Noticed an entropy weaver
 62521 | Vaults:5 | Killed an entropy weaver
 62580 | Vaults:5 | Reached skill level 17 in Throwing
 62586 | Vaults:5 | Reached XP level 25. HP: 223/261 MP: 29/29
 62756 | Vaults:5 | Identified the +8 dire flail of Valour {drain, rF+}
 62795 | Vaults:5 | Received a gift from Okawaru
 62795 | Vaults:5 | Reached skill level 12 in Armour
 62875 | Vaults:5 | Got a slimy ruby amulet
 62876 | Vaults:5 | Identified the amulet "Futouqasai" {Inacc rPois Str+2 Dex+3
                  | SInv} (You found it on level 5 of the Vaults)
 62918 | Vaults:5 | Noticed an ancient lich
 62929 | Vaults:5 | Killed an ancient lich
 62929 | Vaults:5 | Reached skill level 20 in Unarmed Combat
 62949 | Vaults:5 | Killed a deep elf sorcerer
 63105 | Vaults:5 | Noticed an ancient lich
 63108 | Vaults:5 | Killed an ancient lich
 63108 | Vaults:5 | Reached skill level 13 in Armour
 63299 | Vaults:5 | Received a gift from Okawaru
 63464 | Vaults:5 | Received a gift from Okawaru
 63506 | Vaults:5 | Got a silver rune of Zot
 63776 | Vaults:5 | Noticed an ancient lich
 63781 | Vaults:5 | Killed an ancient lich
 63781 | Vaults:5 | Received a gift from Okawaru
 63781 | Vaults:5 | Reached skill level 14 in Armour
 63985 | Vaults:5 | Received a gift from Okawaru
 64214 | Vaults:5 | hittemvvvvhard: !calc +
 64214 | Vaults:5 | beem: Unknown field: x
 64214 | Vaults:5 | hittemvvvvhard: !calc 32+13
 64214 | Vaults:5 | beem: 45
 64224 | Vaults:5 | hittemvvvvhard: !calc 26+15
 64224 | Vaults:5 | beem: 41
 64398 | Vaults:1 | Bought a potion of curing for 33 gold pieces
 64398 | Vaults:1 | Bought a potion of curing for 33 gold pieces
 64398 | Vaults:1 | Bought a potion of curing for 33 gold pieces
 64398 | Vaults:1 | Bought a potion of curing for 33 gold pieces
 64398 | Vaults:1 | Bought a potion of curing for 33 gold pieces
 64606 | Depths:4 | Bought a scroll of fear for 52 gold pieces
 64606 | Depths:4 | Bought a scroll of teleportation for 45 gold pieces
 64606 | Depths:4 | Bought a scroll of teleportation for 45 gold pieces
 64649 | Zot:1    | Entered Level 1 of the Realm of Zot
 64707 | Zot:1    | Reached skill level 18 in Throwing
 64837 | Zot:2    | Received a gift from Okawaru
 64934 | Zot:2    | Received a gift from Okawaru
 64994 | Zot:2    | Received a gift from Okawaru
 65014 | Zot:2    | Received a gift from Okawaru
 65021 | Zot:2    | Identified the +2 cloak "Dixaicoe" {Dex+5} (Okawaru gifted
                  | it to you on level 2 of the Realm of Zot)
 65269 | Zot:4    | Reached XP level 26. HP: 267/270 MP: 29/29
 65281 | Zot:4    | Reached skill level 15 in Armour
 65342 | Zot:4    | Noticed an orb of fire
 65352 | Zot:4    | Killed an orb of fire
 65765 | Zot:4    | Reached skill level 19 in Throwing
 66526 | Zot:4    | Got a dazzling kite shield
 66527 | Zot:4    | Identified the +4 kite shield of the Shrike {Harm MR+ Int+4
                  | Dex+3} (You found it on level 4 of the Realm of Zot)
 66552 | Zot:5    | Entered Level 5 of the Realm of Zot
 67306 | Zot:5    | Received a gift from Okawaru
 67489 | Zot:5    | Gained mutation: You are frail. (-10% HP) [evolution]
 67631 | Zot:5    | Noticed an ancient lich
 67637 | Zot:5    | Killed an ancient lich
 67637 | Zot:5    | Reached skill level 20 in Throwing
 67916 | Zot:5    | Received a gift from Okawaru
 69629 | Zot:5    | Noticed an ancient lich
 69646 | Zot:5    | Killed an ancient lich
 70447 | Zot:5    | Noticed an orb of fire
 70448 | Zot:5    | Gained mutation: You are surrounded by a mild repulsion
                  | field. (EV +2) [an orb of fire]
 70457 | Zot:5    | Killed an orb of fire
 70528 | Zot:5    | Noticed an orb of fire
 70528 | Zot:5    | Gained mutation: You occasionally shout uncontrollably at
                  | your foes. [an orb of fire]
 70532 | Zot:5    | Gained mutation: You are very weak. (Str -4) [an orb of
                  | fire]
 70537 | Zot:5    | Gained mutation: You are dopey. (Int -2) [an orb of fire]
 70538 | Zot:5    | Killed an orb of fire
 70538 | Zot:5    | Received a gift from Okawaru
 70539 | Zot:5    | Noticed an orb of fire
 70545 | Zot:5    | Gained mutation: Your spells are a little easier to cast,
                  | but a little less powerful. [an orb of fire]
 70546 | Zot:5    | Killed an orb of fire
 70546 | Zot:5    | Noticed an orb of fire
 70547 | Zot:5    | Reached skill level 21 in Throwing
 70547 | Zot:5    | Noticed an orb of fire
 70562 | Zot:5    | Killed an orb of fire
 70562 | Zot:5    | Received a gift from Okawaru
 70570 | Zot:5    | Killed an orb of fire
 70600 | Zot:5    | Reached XP level 27. HP: 168/250 MP: 29/29
 70813 | Zot:5    | Noticed an orb of fire
 70814 | Zot:5    | Gained mutation: Armour fits poorly on your strangely
                  | shaped body. [an orb of fire]
 70826 | Zot:5    | Killed an orb of fire
 70826 | Zot:5    | Received a gift from Okawaru
 70826 | Zot:5    | Reached skill level 22 in Throwing
 70846 | Zot:5    | Got a translucent hand axe {god gift}
 70870 | Zot:5    | Noticed an orb of fire
 70882 | Zot:5    | Killed an orb of fire
 71109 | Zot:5    | Received a gift from Okawaru
 71137 | Zot:5    | Got the Orb of Zot
 71286 | Zot:1    | Noticed Padghim the pandemonium lord
 71779 | D:2      | Noticed Faocoqi the pandemonium lord
 71784 | D:2      | Killed Faocoqi the pandemonium lord
 71785 | D:2      | Noticed a lich
 71794 | D:2      | Killed a lich
 71873 | D:$      | Escaped with the Orb!

Table legend:
 A = Turns spent in this place as a percentage of turns spent in the entire game.
 B = Non-inter-level travel turns spent in this place as a percentage of non-inter-level travel turns spent in the entire game.
 C = Inter-level travel turns spent in this place as a percentage of turns spent in this place.
 D = Turns resting spent in this place as a percentage of non-inter-level travel turns spent in this place.
 E = Turns spent auto-exploring this place as a percentage of non-inter-level travel turns spent in this place.
 F = Non-inter-level travel turns spent in this place divided by the number of levels of this place that you've seen.
                   A       B       C       D       E      F
               +-------+-------+-------+-------+-------+----------------------
         Total | 100.0 | 100.0 |   9.1 |   7.1 |  69.7 | 1280.5
       Dungeon |  26.4 |  24.2 |  16.5 |   1.3 |  74.2 | 1054.1
        Temple |   0.0 |   0.0 |   0.0 |   0.0 |   0.0 |  16.0
          Lair |  11.2 |  11.3 |   7.9 |   0.1 |  78.9 | 1235.3
         Swamp |   7.0 |   7.3 |   4.4 |   4.1 |  75.5 | 1194.2
     Snake Pit |   7.9 |   8.4 |   3.6 |   0.2 |  77.3 | 1368.0
  Orcish Mines |   3.1 |   2.7 |  19.7 |   0.1 |  75.1 | 883.0
   Elven Halls |   5.8 |   5.7 |  10.1 |   7.8 |  64.0 | 1240.3
        Vaults |  15.2 |  15.6 |   6.7 |   2.5 |  69.9 | 2035.6
        Depths |  14.1 |  14.5 |   6.2 |   9.1 |  71.1 | 1899.8
           Zot |   9.3 |  10.0 |   2.5 |  43.3 |  37.5 | 1301.0
        Bazaar |   0.2 |   0.2 |   0.0 |   0.0 |  57.3 | 150.0
               +-------+-------+-------+-------+-------+----------------------

Table legend:
 A = Kills in this place as a percentage of kills in entire the game.
 B = Kills by you in this place as a percentage of kills by you in the entire game.
 C = Kills by friends in this place as a percentage of kills by friends in the entire game.
 D = Other kills in this place as a percentage of other kills in the entire game.
 E = Experience gained in this place as a percentage of experience gained in the entire game.
 F = Experience gained in this place divided by the number of levels of this place that you have seen.
                   A       B       C       D       E      F
               +-------+-------+-------+-------+-------+----------------------
         Total | 100.0 | 100.0 | 100.0 | 100.0 | 100.0 | 28480.8
       Dungeon |  21.9 |  22.0 |   0.0 |   0.0 |   5.5 | 5351.6
          Lair |   8.8 |   8.8 |   0.0 |   0.0 |   4.4 | 10571.3
         Swamp |   6.0 |   5.8 |  80.0 |  33.3 |   3.9 | 14296.0
     Snake Pit |   9.3 |   9.4 |   0.0 |   0.0 |   7.6 | 27690.8
  Orcish Mines |   3.4 |   3.4 |   0.0 |   0.0 |   1.2 | 8364.5
   Elven Halls |   7.9 |   7.9 |   0.0 |  66.7 |   8.8 | 42630.0
        Vaults |  22.3 |  22.4 |   0.0 |   0.0 |  28.9 | 84063.8
        Depths |  15.0 |  15.0 |  20.0 |   0.0 |  19.2 | 55740.4
           Zot |   5.4 |   5.4 |   0.0 |   0.0 |  20.5 | 59446.6
               +-------+-------+-------+-------+-------+----------------------

Action                   |  1- 3 |  4- 6 |  7- 9 | 10-12 | 13-15 | 16-18 | 19-21 | 22-24 | 25-27 || total
-------------------------+-------+-------+-------+-------+-------+-------+-------+-------+-------++-------
Melee: Unarmed           |   109 |   173 |   250 |   544 |   946 |  1261 |  1175 |   674 |   373 ||  5505
       Punch             |       |       |     9 |    21 |       |       |       |       |       ||    30
Throw: Stone             |    15 |    77 |       |       |       |       |       |       |       ||    92
       Boomerang         |       |    17 |   140 |   180 |   321 |   399 |   419 |   103 |       ||  1579
       Large rock        |       |       |       |     9 |    53 |    53 |   333 |   407 |   527 ||  1382
       Dart              |       |       |       |    56 |       |       |       |       |       ||    56
       Javelin           |       |       |       |       |   194 |    27 |    82 |    35 |    32 ||   370
Invok: Heroism           |       |       |     6 |    16 |    26 |    19 |     9 |    12 |    20 ||   108
       Finesse           |       |       |       |     9 |    16 |     9 |     5 |     6 |     8 ||    53
 Abil: Evoke Blink       |       |       |       |       |     1 |       |       |       |     1 ||     2
Evoke: Wand              |       |       |       |     4 |     3 |     3 |    11 |     2 |     1 ||    24
       Lightning rod     |       |       |       |       |     3 |     5 |     3 |       |       ||    11
       Phantom mirror    |       |       |       |       |     1 |     1 |       |     1 |       ||     3
       Box of beasts     |       |       |       |       |       |     1 |       |       |       ||     1
  Use: Scroll            |     1 |       |     7 |    16 |    15 |    10 |     9 |     9 |    12 ||    79
       Potion            |       |       |     1 |     1 |     7 |     1 |     3 |     2 |     6 ||    21
 Stab: Sleeping          |       |     3 |       |       |       |       |       |     2 |       ||     5
       Distracted        |       |       |       |       |     2 |       |       |       |       ||     2
  Eat: Chunk             |    12 |    23 |    31 |    79 |   108 |    87 |   120 |    88 |    45 ||   593
       Ration            |       |       |       |       |     1 |     8 |     1 |       |     9 ||    19
Armor: Robe              |    45 |    44 |    54 |    89 |   148 |     6 |       |       |       ||   386
       Swamp dragon scal |       |       |       |       |       |   180 |   181 |    15 |       ||   376
       Troll leather arm |       |       |       |       |       |       |       |    76 |    32 ||   108
       Gold dragon scale |       |       |       |       |       |       |       |       |    95 ||    95
Dodge: Dodged            |    40 |    82 |    94 |   174 |   241 |   287 |   332 |   153 |    77 ||  1480
Block: Kite shield       |       |       |       |    54 |   309 |       |       |       |       ||   363
       Tower shield      |       |       |       |       |   186 |  1003 |  1214 |   552 |   245 ||  3200

Vanquished Creatures
  8 orbs of fire
  Mennas (Vaults:2)
  7 ancient liches
  A pandemonium lord (D:2)
  2 Killer Klowns (Zot:5)
  Frederick (Depths:5)
  Xtahua (Depths:3)
  3 caustic shrikes
  Margery (Depths:4)
  6 golden dragons
  Nikola (Snake:4)
  2 electric golems
  5 liches
  19 tentacled monstrosities
  25 Orb Guardians
  Asterion (Snake:2)
  2 titans
  4 quicksilver dragons
  2 deep elf blademasters (Elf:3)
  2 deep elf master archers (Elf:3)
  5 shadow dragons
  2 death cobs
  A thorn hunter (Swamp:4)
  An Executioner (D:1)
  5 sphinxes
  Kirke (Snake:4)
  8 tengu reavers
  Donald (Swamp:2)
  2 draconian monks
  7 storm dragons
  6 fire giants
  A revenant (Vaults:3)
  8 nagarajas
  5 draconian knights
  An orc warlord (Vaults:4)
  7 deep elf sorcerers
  A balrug (Depths:4)
  A draconian scorcher (Zot:4)
  8 frost giants
  Aizul (Swamp:1)
  4 ghost moths
  The ghost of twoshot the Carver, a journeyman DDFi of Makhleb (Orc:2)
  2 draconian shifters
  2 draconian stormcallers
  A ghoul (Vaults:3)
  18 vault wardens
  Louise (Elf:3)
  A draconian annihilator (Zot:4)
  The ghost of Doofuf the Warrior, a journeyman DsWn of Gozag (D:15)
  3 deep elf elementalists
  13 ironheart preservers
  5 war gargoyles
  3 entropy weavers
  29 stone giants
  6 green draconians
  6 deep elf demonologists (Elf:3)
  7 very ugly things
  5 deep elf annihilators
  5 white draconians
  2 yellow draconians
  4 vampire knights
  6 purple draconians
  4 red draconians
  5 black draconians
  A dire elephant (Lair:6)
  2 eidola (Depths:3)
  4 spark wasps (Depths:1)
  A merfolk javelineer (Depths:5)
  An ettin (shapeshifter) (Vaults:5)
  16 ettins
  3 jiangshi
  A green death (Depths:1)
  Josephine (Lair:4)
  The ghost of Xaosum the Ogre Mage, a journeyman OgFE of the Shining One (Lair:2)
  6 deep elf death magi
  6 fire dragons
  24 yaktaur captains
  33 vault guards
  4 deep elf high priests
  10 naga warriors
  A ghost crab (Swamp:4)
  5 rakshasas
  4 great orbs of eyes
  A monstrous demonspawn (Depths:1)
  12 ice dragons
  2 spriggan air magi (Depths:3)
  18 hydras
  The ghost of Libboc the Eclecticist, a journeyman DEFE of Vehumet (Lair:5)
  A hell beast (Depths:5)
  An ice dragon (shapeshifter) (D:8)
  8 centaur warriors
  A catoblepas (Lair:6)
  A shambling mangrove (Swamp:2)
  34 two-headed ogres
  A queen ant (Lair:4)
  7 alligators
  6 anacondas
  23 dancing weapons
  A two-headed ogre (shapeshifter) (Elf:2)
  11 death yaks
  11 deep troll shamans
  13 ogre magi
  14 deep troll earth magi
  7 tengu warriors
  3 vampire magi
  4 orc high priests
  3 soul eaters
  14 naga sharpshooters
  4 shock serpents
  20 deep elf knights
  3 sixfirhies
  2 sun demons (Depths:4)
  13 skeletal warriors
  3 shadow wraiths
  A sea snake (shapeshifter) (Vaults:3)
  3 iron trolls
  2 unseen horrors
  A cherub (Zot:2)
  7 flayed ghosts
  2 glowing orange brains
  20 deep trolls
  14 hell knights
  4 salamander mystics
  10 swamp dragons
  2 spriggan druids
  20 deep elf archers
  7 wizards
  2 unseen horrors (shapeshifter)
  2 orange crystal statues (Depths:3)
  5 necromancers
  A spectral hydra (Depths:3)
  6 phantasmal warriors
  9 naga ritualists
  79 deep elf magi
  A large abomination (D:9)
  14 orc knights
  14 ironbrand convokers
  7 harpies
  A harpy (shapeshifter) (D:14)
  A wolf spider (shapeshifter) (Vaults:5)
  3 wolf spiders (Vaults:2)
  A tengu skeleton (Vaults:4)
  8 orc sorcerers
  17 mana vipers
  47 ugly things
  4 cyclopes
  2 salamanders (shapeshifter)
  A manticore (shapeshifter) (D:14)
  2 manticores (D:15)
  13 moths of wrath
  17 vault sentinels
  42 black mambas
  3 guardian serpents
  3 centaur zombies
  11 salamanders
  A black mamba (shapeshifter) (Vaults:1)
  9 elephants
  16 naga magi
  2 orange demons (Lair:6)
  A torpor snail (Lair:3)
  A spiny frog (shapeshifter) (Elf:3)
  7 rime drakes
  20 spiny frogs
  Maurice (D:8)
  3 gargoyles
  An anaconda simulacrum (Depths:3)
  9 freezing wraiths
  A demonic crawler (Depths:5)
  A yaktaur zombie (Vaults:4)
  8 komodo dragons
  58 yaktaurs
  A tormentor (Depths:1)
  3 spectral merfolk (Depths:3)
  5 polar bears
  3 red devils
  A hellwing (Lair:6)
  A tengu conjurer (Depths:2)
  5 trolls
  A polar bear (shapeshifter) (Vaults:4)
  2 ice devils (Lair:6)
  A tyrant leech (shapeshifter) (Depths:1)
  A meliai (D:8)
  14 tyrant leeches
  9 hornets
  A raiju (Depths:3)
  7 blink frogs
  A harpy skeleton (D:15)
  5 bog bodies
  A dream sheep (shapeshifter) (Depths:4)
  35 slime creatures
  6 dream sheep
  2 raiju (shapeshifter)
  A fire giant simulacrum (Vaults:1)
  An ettin zombie (Vaults:4)
  A spectral black mamba (Lair:5)
  3 shadows
  5 hippogriffs
  A tarantella (shapeshifter) (Vaults:2)
  A ynoxinul (Depths:1)
  7 water elementals
  6 air elementals
  A wyvern (shapeshifter) (Vaults:2)
  A yak (shapeshifter) (Depths:3)
  4 wyverns
  5 fire elementals
  10 wraiths
  4 spriggans
  7 vampires
  A basilisk (D:12)
  A basilisk (shapeshifter) (Vaults:3)
  40 yaks
  A hog (shapeshifter) (Elf:1)
  A golden eye (shapeshifter) (Vaults:2)
  2 hogs (Snake:4)
  A hungry ghost (D:8)
  A chaos spawn (D:15)
  9 wargs
  11 vampire mosquitoes
  13 swamp worms
  63 nagas
  A spectral spiny frog (Lair:4)
  11 hell hounds
  3 soldier ants (shapeshifter)
  2 hydra simulacra
  2 acid dragons
  A floating eye (Depths:3)
  15 insubstantial wisps
  21 water moccasins
  5 soldier ants (Lair:4)
  10 swamp drakes
  15 porcupines
  4 spectral spriggans (Depths:3)
  4 black bears
  38 orc warriors
  3 sky beasts
  2 eyes of draining
  2 snapping turtle zombies (Depths:3)
  A spectral troll (Depths:3)
  2 ice beasts (D:6)
  7 boggarts
  38 ogres
  A phantom (D:8)
  4 wolves
  14 crocodiles
  26 centaurs
  A crocodile (shapeshifter) (Vaults:5)
  2 big kobolds
  8 bullfrogs
  A water moccasin zombie (D:8)
  4 earth elementals
  4 scorpions
  A wyvern skeleton (D:11)
  A spectral naga (Depths:3)
  12 killer bees
  4 spectral ogres (Depths:3)
  14 wights
  2 spectral centaurs (Depths:3)
  6 electric eels
  A howler monkey (D:13)
  13 crimson imps
  A komodo dragon simulacrum (Lair:5)
  A human simulacrum (Vaults:2)
  5 hounds
  A bullfrog skeleton (D:11)
  3 centaur skeletons
  18 orc priests
  6 jellies
  24 orc wizards
  4 iguanas
  2 spriggan simulacra (Depths:3)
  A troll simulacrum (Depths:3)
  15 worker ants
  A hound zombie (D:8)
  3 hound skeletons
  3 howler monkey zombies
  2 worker ant zombies (D:6)
  Robin (D:4)
  14 gnolls
  A howler monkey skeleton (D:10)
  16 adders
  A naga simulacrum (Depths:3)
  6 shadow imps
  3 white imps
  An ufetubus (Depths:1)
  6 oozes
  An adder zombie (D:8)
  2 adder skeletons (D:6)
  3 worms
  A dart slug (D:1)
  A leopard gecko (shapeshifter) (Vaults:5)
  6 leopard geckos
  96 orcs
  7 bats
  6 giant cockroaches
  18 goblins
  10 hobgoblins
  20 jackals
  11 kobolds
  4 quokkas
  12 frilled lizards
  A jackal skeleton (D:4)
  4 rats
2170 creatures vanquished.

Vanquished Creatures (collateral kills)
  the Lernaean hydra (Swamp:4)
  A slime creature (Depths:1)
  3 vampire mosquitoes (Swamp:4)
5 creatures vanquished.

Vanquished Creatures (others)
  A hydra (Swamp:4)
  4 deep elf magi
  A shadow (Depths:3)
  A water elemental (D:14)
  A spriggan (Swamp:4)
  4 humans (Snake:4)
  A swamp drake (Swamp:4)
  An orc (Vaults:5)
  A butterfly (Lair:6)
  25 fungi
  26 plants
66 creatures vanquished.

Grand Total: 2241 creatures vanquished There were no monsters in sight!

Levels and vault maps discovered:
D:1:      shiori_arrival_elements, layout_rooms, grunt_decor_mini_mirrors,
          patterned_corridor
D:2:      layout_loops_ring, first_ration, minmay_cupped
D:3:      layout_loops_ring, nemelex_xobeh_ov_fountains_minmay,
          lemuel_doored_altar
D:4:      layout_loops_cross, lemuel_round_altar, minmay_temple_entry_wispy,
          chequers_garden, lemuel_old_faithful, uniq_robin
D:5:      layout_loops_ring, lemuel_crystal_altar, elyvilon_altar_5,
          kennysheep_mini_moat, palyth_stone_intersect,
          grunt_ashenzari_visionary [grunt_ashenzari_visionary_swamp,
          grunt_ashenzari_visionary_snake]
D:6:      layout_loops_corners
D:7:      layout_rooms
D:8:      minmay_klotski, layout_basic, grunt_temple_overflow_open, uniq_maurice
D:9:      layout_layer_cave, due_lair_maze_entry_diamond, blue_anna_alchemist
          [blue_anna_fruit_fields, blue_anna_fruit_fields], trog_ov_bears_minmay
D:10:     layout_grid_maze
D:11:     layout_rooms
D:12:     layout_irregular_city, orc_0_dummy, gammafunk_ghost_stat_death,
          chequers_serial_rivers_small_b, small_chamber_with_monster,
          nicolae_dithmenos_shadow_blocks
D:13:     layout_long_grid, portal_ice_cave_rime
D:14:     layout_basic, david_vaults_1, special_room [special_room_orc],
          lemuel_blue_sif_altar, lightli_elemental_guards
D:15:     hangedman_depths_entry_try_elsewhere_first, layout_basic,
          nicolae_wwwww, basic_altar, ebering_ghost_xom, lemuel_angel_altar
Temple:   nicolae_temple_no_exploring_needed
Lair:1:   layout_gridlike
Lair:2:   layout_roguey, guppyfry_snake_entry_garden,
          ebering_ghost_disaster_area, cheibrodos_lair_lostbears
Lair:3:   layout_regular_city, swamp_mist, beast_lair_carwin_9
Lair:4:   layout_regular_city, nicolae_quartered_pool_medium, wad_woods_antlair,
          uniq_josephine
Lair:5:   layout_cellular_growth, gammafunk_ghost_necromancy,
          beast_lair_carwin_6
Lair:6:   evil_forest, layout_small_grid, nicolae_slime_entry_slimehenge,
          lemuel_fruit_fields
Swamp:1:  layout_falls_marsh, nicolae_swamp_dense_foliage, uniq_aizul
Swamp:2:  layout_falls_marsh, evilmike_swamp_ruin_house_5, uniq_donald
Swamp:3:  layout_basic_swamp, serial_swamp_ruin, evilmike_swamp_ruin_house_6,
          evilmike_swamp_ruin_house_1, hangedman_swamp_ruin_hall, swamp_pool3
Swamp:4:  swamp_old_school, layout_basic_swamp
Snake:1:  layout_misc_corridors, basic_altar, serial_bayou_shore_a,
          grunt_megastairs_1
Snake:2:  layout_chambers, special_room, eino_curves_02, uniq_asterion
Snake:3:  layout_layer_cave
Snake:4:  minmay_snake_end_coiled, layout_cave_town, lemuel_fruit_tree,
          uniq_nikola, uniq_kirke
Orc:1:    layout_caves, serial_shops, shop
Orc:2:    st_orc_elflike, layout_caves, ebering_ghost_xom
Elf:1:    eino_elf_arrival_customs, layout_gridlike, serial_shops,
          bzr_entry_islet, minivault_28
Elf:2:    layout_geoelf_octagon, st_stairs_13, lemuel_flamethrower_2
Elf:3:    elf_hall_gauntlet_narrow, layout_geoelf_castle, serial_shops, shop,
          shop, uniq_louise
Vaults:1: ontoclasm_vaults_shuriken, st_octagons_2,
          nicolae_vaults_little_squares_2, nicolae_vaults_ninety_degrees,
          dpeg_vaults_monster_box, nicolae_vaults_little_squares_4,
          vaults_room_large_hall, vaults_standard_mumra_x, v_misc_14,
          nicolae_vaults_what_the_h, layout_vaults_omnigrid, serial_shops, shop
Vaults:2: ontoclasm_vaults_spin, v_alt_pattern_2, nicolae_vaults_three_branches,
          vaults_dpeg_spiral, vaults_dpeg_diagonal, hangedman_vaults_stagger,
          vaults_mumra_lcd, v_pattern_2, ontoclasm_vaults_misaligned,
          hangedman_vaults_cutoff, vaults_dpeg_hooks, v_alt_pattern_4,
          nicolae_vaults_theta, nicolae_vaults_little_squares_1,
          layout_vaults_ring, uniq_mennas
Vaults:3: grunt_vaults_funnel, nicolae_vaults_network_quinsquares
          [nicolae_vaults_network_quincunx_subvault,
          nicolae_vaults_network_quincunx_subvault,
          nicolae_vaults_network_quincunx_subvault,
          nicolae_vaults_network_quincunx_subvault], vaults_room_grid,
          nicolae_vaults_little_ls, minmay_crypt_entry_simple_corners,
          hangedman_vaults_restitches, st_eye, nicolae_vaults_yaktaur_gun_rack,
          v_alt_pattern_5, nicolae_vaults_specimen_jars, v_misc_2,
          hangedman_vaults_corner_blocks, layout_vaults_omnibox, serial_shops,
          shop_fountains
Vaults:4: ontoclasm_vaults_ligature, hangedman_vaults_hat,
          vaults_standard_mumra_lines, vaults_room_door_ring,
          dpeg_vaults_monster_row, nicolae_vaults_meeting,
          vaults_mumra_minichess_inversion, v_misc_32,
          nicolae_vaults_little_squares_4, vaults_dpeg_cross,
          layout_vaults_omnicross
Vaults:5: serial_shops
Depths:1: layout_roguey, grunt_hell_entry_dis_mu, grunt_pan_entry_zigzag,
          hex_large, hangedman_decor_opposing, grunt_decor_arrowhead,
          chequers_serial_rivers_small_3, nrook_uturn, chequers_jeans,
          minivault_11, kennysheep_generic_room_13
Depths:2: gammafunk_sealed_arena, layout_cave_pools, enter_ziggurat_d,
          serial_shops, shop, hell_entry, nicolae_trove_entry_crystal,
          nicolae_twisting_strands, minmay_misc_feat_chi, evilmike_ambush
          [evilmike_ambush_outer_basic, evilmike_ambush_inner_pond]
Depths:3: lemuel_river_lethe, hell_entry, pan_entry
Depths:4: minmay_octagon_keep, layout_cave_shapes, lightli_too_deep,
          abyss_entry_small_statue_room, serial_shops, nicolae_shop_waterfront,
          nicolae_shop_trees, nicolae_shop_overgrown_old_shop, serial_glass,
          glass_columns_b, glass_columns_c, minmay_strange_pillars,
          serial_bayou_shore_b, uniq_xtahua, uniq_margery
Depths:5: grunt_zot_entry_alcove, layout_gridlike, hangedman_coc_ice_floe,
          serial_bayou_shore_b, infiniplex_staircase_pool_lava, uniq_frederick
Zot:1:    layout_onion
Zot:2:    layout_cathedral_of_symmetry, ebering_ghost_rock_garden
Zot:3:    layout_gridlike, grunt_megastairs_4
Zot:4:    nicolae_moth_party, layout_cathedral_of_symmetry,
          hangedman_zot_decor_slant
Zot:5:    layout_cellular_growth
